AAA
MONTERREY KILLER WHALES @ MEMPHIS RAILCATS
04/23/2060
 
TOP OF THE 1ST
Monterrey Killer Whales batting - Pitching for Memphis Railcats : RHP Cooper Mazza
Pitching: RHP Cooper Mazza
Batting: LHB Ray Seevers 0-0: Called Strike
0-1: Foul Ball, location: 2F
0-2: Ball
1-2: Foul Ball, location: 2F
1-2: DOUBLE (Line Drive, 78D, EV 111.2 MPH)
Batting: LHB Furman Auerbach 0-0: Called Strike
0-1: Ball
1-1: Foul Ball, location: 2F
1-2: Strikes out swinging
Batting: LHB Tony May 0-0: Called Strike
0-1: Ball
1-1: Foul Ball, location: 2F
1-2: Foul Ball, location: 2F
1-2: Ball
2-2: Ball
Wild Pitch!
Ray Seevers to third
3-2: Strikes out swinging
Batting: SHB Tucker Shad 0-0: Called Strike
0-1: Foul Ball, location: 2F
0-2: Ball
1-2: Ball
2-2: SINGLE (Flyball, 4D, EV 93.8 MPH)
Ray Seevers scores
Batting: RHB Sylvan Troke 0-0: Foul Ball, location: 2F
0-1: Swinging Strike
0-2: Ball
1-2: Ball
2-2: Reached on error, E5 (Groundball, 56S, EV 82.5 MPH)
Tucker Shad to second
Batting: LHB Stephen Snowbarger 0-0: Ball
1-0: Foul Ball, location: 2F
1-1: Ground out 4-3 (Groundball, 34D, EV 88.1 MPH)
Top of the 1st over - 1 run, 2 hits, 1 error, 2 left on base; Monterrey 1 - Memphis 0
BOTTOM OF THE 1ST
Memphis Railcats batting - Pitching for Monterrey Killer Whales : RHP Duran Murphy
Pitching: RHP Duran Murphy
Batting: RHB Kristian LeDoux 0-0: SINGLE (Flyball, 6D, EV 91.9 MPH)
Batting: LHB Tristen Cooley 0-0: Called Strike
Kristian LeDoux steals 2nd base
0-1: SINGLE (Line Drive, 9LS, EV 98.8 MPH)
Kristian LeDoux to third
Runner from 3rd tries for Home, SAFE, throw by RF to home
Batting: RHB Tom Holderness 0-0: SINGLE (Groundball, 6D, EV 106.9 MPH)
Tristen Cooley to second
Batting: RHB Vinny Wetherington 0-0: Ball
1-0: Ball
2-0: Called Strike
2-1: Ball
3-1: Base on Balls
Tristen Cooley to third
Tom Holderness to second
Batting: RHB Fraser Bishop 0-0: Swinging Strike
0-1: Ball
1-1: Foul Ball, location: 2F
1-2: Ball
2-2: Foul Ball, location: 2F
2-2: Ball
Passed Ball!
Tristen Cooley scores
Tom Holderness to third
Vinny Wetherington to second
3-2: Foul Ball, location: 2F
3-2: Fly out, F7 (Flyball, 78M, EV 93.8 MPH)
Runner from 3rd tags up, SCORES, no throw by LF
Batting: RHB James Hills 0-0: Ball
1-0: DOUBLE (Line Drive, 78D, EV 106.9 MPH)
Vinny Wetherington scores
Batting: SHB Lukas Skaggs 0-0: Ground out 4-3 (Groundball, 4, EV 85.0 MPH)
James Hills to third
Batting: RHB Theodore Ross 0-0: Called Strike
0-1: Foul Ball, location: 2F
0-2: Strikes out swinging
Bottom of the 1st over - 4 runs, 4 hits, 0 errors, 1 left on base; Monterrey 1 - Memphis 4
TOP OF THE 2ND
Monterrey Killer Whales batting - Pitching for Memphis Railcats : RHP Cooper Mazza
Batting: LHB Randall Darby 0-0: Ball
1-0: Ball
2-0: Ball
3-0: Base on Balls
Batting: RHB Jaren Toone 0-0: Ball
1-0: Called Strike
1-1: Ball
2-1: Called Strike
2-2: Ball
3-2: SINGLE (Groundball, 56S, EV 73.1 MPH) (infield hit)
Randall Darby to second
Pinch Runner at 1st Isaac Johnson:
Batting: RHB Corey Douglas 0-0: Ball
1-0: Called Strike
1-1: Swinging Strike
1-2: Foul Ball, location: 2F
1-2: Strikes out swinging
Batting: LHB Ray Seevers 0-0: Called Strike
0-1: Ball
1-1: Foul Ball, location: 2F
1-2: Ball
2-2: Fly out, F8 (Flyball, 8RD, EV 105.6 MPH)
Batting: LHB Furman Auerbach 0-0: Ball
1-0: Fly out, F3 (Line Drive, 34, EV 85.0 MPH)
Top of the 2nd over - 0 runs, 1 hit, 0 errors, 2 left on base; Monterrey 1 - Memphis 4
BOTTOM OF THE 2ND
Memphis Railcats batting - Pitching for Monterrey Killer Whales : RHP Duran Murphy
Now at 2B: Isaac Johnson
Batting: RHB Mick Ubaya 0-0: Called Strike
0-1: DOUBLE (Groundball, 5L, EV 102.5 MPH)
Batting: RHB Kristian LeDoux 0-0: Ball
1-0: Foul Ball, location: 2F
1-1: Ball
2-1: Swinging Strike
2-2: Ball
3-2: Foul Ball, location: 2F
3-2: Base on Balls
Batting: LHB Tristen Cooley 0-0: Ball
1-0: SINGLE (Groundball, 34D, EV 98.8 MPH)
Mick Ubaya to third
Kristian LeDoux to second
Runner from 3rd tries for Home, SAFE, throw by RF to home
Batting: RHB Tom Holderness 0-0: Ball
1-0: Grounds into double play, 6-4-3 (Groundball, 6, EV 78.1 MPH)
Kristian LeDoux to third
Batting: RHB Vinny Wetherington 0-0: Ball
1-0: Ball
Passed Ball!
Kristian LeDoux scores
2-0: Called Strike
2-1: Ball
3-1: Base on Balls
Pitching: LHP Gunnar Keel
Batting: RHB Fraser Bishop 0-0: Ball
1-0: Ball
2-0: Foul Ball, location: 2F
2-1: Fly out, F9 (Flyball, 89S, EV 93.1 MPH)
Bottom of the 2nd over - 2 runs, 2 hits, 0 errors, 1 left on base; Monterrey 1 - Memphis 6
TOP OF THE 3RD
Monterrey Killer Whales batting - Pitching for Memphis Railcats : RHP Cooper Mazza
Batting: LHB Tony May 0-0: Swinging Strike
0-1: Foul Ball, location: 2F
0-2: Strikes out swinging, 2-3 out at first.
Batting: SHB Tucker Shad 0-0: Ball
1-0: Foul Ball, location: 2F
1-1: Ground out 5-3 (Groundball, 56, EV 79.4 MPH)
Batting: RHB Sylvan Troke 0-0: Ball
1-0: Called Strike
1-1: Foul Ball, location: 2F
1-2: TRIPLE (Line Drive, 9LD, EV 103.8 MPH)
Batting: LHB Stephen Snowbarger 0-0: Ball
1-0: Foul Ball, location: 2F
1-1: Fly out, F7 (Flyball, 7D, EV 98.1 MPH)
Top of the 3rd over - 0 runs, 1 hit, 0 errors, 1 left on base; Monterrey 1 - Memphis 6
BOTTOM OF THE 3RD
Memphis Railcats batting - Pitching for Monterrey Killer Whales : LHP Gunnar Keel
Batting: RHB James Hills 0-0: Ball
1-0: Ball
2-0: Called Strike
2-1: DOUBLE (Flyball, 78D, EV 101.9 MPH)
Batting: SHB Lukas Skaggs 0-0: Called Strike
0-1: Ball
1-1: Swinging Strike
1-2: Strikes out swinging
Batting: RHB Theodore Ross 0-0: Called Strike
0-1: Ball
1-1: Foul Ball, location: 2F
1-2: Foul Ball, location: 2F
1-2: Ball
2-2: Strikes out looking
Batting: RHB Mick Ubaya 0-0: Called Strike
0-1: Ball
1-1: Foul Ball, location: 2F
1-2: Strikes out swinging
Bottom of the 3rd over - 0 runs, 1 hit, 0 errors, 1 left on base; Monterrey 1 - Memphis 6
TOP OF THE 4TH
Monterrey Killer Whales batting - Pitching for Memphis Railcats : RHP Cooper Mazza
Batting: LHB Randall Darby 0-0: Foul Ball, location: 2F
0-1: Ball
1-1: Called Strike
1-2: Ground out 6-3 (Groundball, 6MS, EV 79.4 MPH)
Batting: LHB Isaac Johnson 0-0: Ground out U3 (Groundball, 34, EV 88.8 MPH)
Batting: RHB Corey Douglas 0-0: Fly out, F9 (Flyball, 9LMF, EV 81.9 MPH)
Top of the 4th over - 0 runs, 0 hits, 0 errors, 0 left on base; Monterrey 1 - Memphis 6
BOTTOM OF THE 4TH
Memphis Railcats batting - Pitching for Monterrey Killer Whales : LHP Gunnar Keel
Batting: RHB Kristian LeDoux 0-0: TRIPLE (Line Drive, 78XD, EV 107.5 MPH)
Batting: LHB Tristen Cooley 0-0: Called Strike
0-1: Ball
1-1: Foul Ball, location: 2F
1-2: Ball
2-2: Strikes out swinging
Batting: RHB Tom Holderness 0-0: Foul Ball, location: 2F
0-1: Ball
1-1: Foul Ball, location: 2F
1-2: Strikes out swinging
Batting: RHB Vinny Wetherington 0-0: Swinging Strike
Passed Ball!
Kristian LeDoux scores
0-1: Foul Ball, location: 2F
0-2: Strikes out swinging
Bottom of the 4th over - 1 run, 1 hit, 0 errors, 0 left on base; Monterrey 1 - Memphis 7
TOP OF THE 5TH
Monterrey Killer Whales batting - Pitching for Memphis Railcats : RHP Cooper Mazza
Batting: LHB Ray Seevers 0-0: SINGLE (Groundball, 4MS, EV 70.6 MPH) (infield hit)
Batting: LHB Furman Auerbach 0-0: Swinging Strike
0-1: SINGLE (Line Drive, 8LS, EV 106.9 MPH)
Ray Seevers to second
Batting: LHB Tony May 0-0: Ball
1-0: Ball
2-0: Ball
3-0: Called Strike
3-1: Base on Balls
Ray Seevers to third
Furman Auerbach to second
Batting: SHB Tucker Shad 0-0: Swinging Strike
0-1: Ball
1-1: Fly out, F9 (Flyball, 89D, EV 85.0 MPH)
Runner from 3rd tags up, SCORES, throw by RF
Furman Auerbach to third
Batting: RHB Sylvan Troke 0-0: Ball
1-0: Foul Ball, location: 2F
1-1: Ball
2-1: Grounds into double play, 4-6-3 (Groundball, 4, EV 92.5 MPH)
Top of the 5th over - 1 run, 2 hits, 0 errors, 1 left on base; Monterrey 2 - Memphis 7
BOTTOM OF THE 5TH
Memphis Railcats batting - Pitching for Monterrey Killer Whales : LHP Gunnar Keel
Batting: RHB Fraser Bishop 0-0: Ball
1-0: Fly out, F8 (Flyball, 8RD, EV 90.0 MPH)
Batting: RHB James Hills 0-0: Foul Ball, location: 2F
0-1: Swinging Strike
0-2: Ball
1-2: Foul Ball, location: 2F
1-2: Ball
2-2: SINGLE (Line Drive, 34D, EV 100.6 MPH)
Batting: SHB Lukas Skaggs 0-0: Ball
1-0: Ball
2-0: Ball
3-0: Called Strike
3-1: SINGLE (Flyball, 8RS, EV 88.8 MPH)
James Hills to second
Pitching: RHP David Warner
Batting: RHB Theodore Ross 0-0: Swinging Strike
0-1: Called Strike
0-2: Ball
1-2: Strikes out swinging
Batting: RHB Mick Ubaya 0-0: Called Strike
0-1: Foul Ball, location: 2F
0-2: Strikes out swinging
Bottom of the 5th over - 0 runs, 2 hits, 0 errors, 2 left on base; Monterrey 2 - Memphis 7
TOP OF THE 6TH
Monterrey Killer Whales batting - Pitching for Memphis Railcats : RHP Cooper Mazza
Batting: LHB Stephen Snowbarger 0-0: Called Strike
0-1: Ball
1-1: Swinging Strike
1-2: Ball
2-2: Ball
3-2: Base on Balls
Pitching: RHP Tyler Cambre
Batting: LHB Randall Darby 0-0: Fly out, F7 (Flyball, 78M, EV 91.2 MPH)
Batting: LHB Isaac Johnson 0-0: Swinging Strike
0-1: Foul Ball, location: 2F
0-2: Foul Ball, location: 2F
0-2: Ball
1-2: Ball
2-2: Ground out 6-3 (Groundball, 4MS, EV 88.8 MPH)
Stephen Snowbarger to second
Batting: RHB Corey Douglas 0-0: Ball
1-0: Ball
2-0: Called Strike
2-1: Ball
3-1: Swinging Strike
3-2: Foul Ball, location: 2F
3-2: Base on Balls
Batting: LHB Ray Seevers 0-0: Ball
1-0: Ball
2-0: Ball
3-0: Base on Balls
Stephen Snowbarger to third
Corey Douglas to second
Batting: LHB Furman Auerbach 0-0: Ball
1-0: Ball
2-0: SINGLE (Line Drive, 8RS, EV 101.2 MPH)
Stephen Snowbarger scores
Corey Douglas to third
Ray Seevers to second
Runner from 3rd tries for Home, SAFE, throw by CF to home
Ray Seevers to third
Furman Auerbach to second
Batting: LHB Tony May 0-0: Ball
1-0: Ball
2-0: Ball
3-0: Called Strike
3-1: Base on Balls
Pitching: RHP Eddie Hasenkamp
Batting: SHB Tucker Shad 0-0: Ball
1-0: Fly out, F8 (Line Drive, 8LM, EV 93.8 MPH)
Top of the 6th over - 2 runs, 1 hit, 0 errors, 3 left on base; Monterrey 4 - Memphis 7
BOTTOM OF THE 6TH
Memphis Railcats batting - Pitching for Monterrey Killer Whales : RHP David Warner
Batting: RHB Kristian LeDoux 0-0: Ball
1-0: Ball
2-0: Ball
3-0: Base on Balls
Batting: LHB Tristen Cooley 0-0: Ball
1-0: Ball
Passed Ball!
Kristian LeDoux to second
2-0: Fly out, F9 (Flyball, 9D, EV 101.9 MPH)
Runner from 2nd tags up, SAFE at 3rd, no throw by RF
Batting: RHB Tom Holderness 0-0: Swinging Strike
0-1: Ball
1-1: Ball
Passed Ball!
Kristian LeDoux scores
2-1: Foul Ball, location: 2F
2-2: Strikes out swinging
Batting: RHB Vinny Wetherington 0-0: Ball
1-0: Called Strike
1-1: Fly out, F9 (Line Drive, 9, EV 99.4 MPH)
Bottom of the 6th over - 1 run, 0 hits, 0 errors, 0 left on base; Monterrey 4 - Memphis 8
TOP OF THE 7TH
Monterrey Killer Whales batting - Pitching for Memphis Railcats : RHP Eddie Hasenkamp
Batting: RHB Sylvan Troke 0-0: Called Strike
0-1: Ball
1-1: Ball
2-1: Swinging Strike
2-2: SINGLE (Groundball, 6S, EV 68.1 MPH) (infield hit)
Batting: LHB Stephen Snowbarger 0-0: Ball
1-0: Ball
2-0: Called Strike
2-1: Ball
3-1: Foul Ball, location: 2F
3-2: Strikes out looking
Batting: LHB Randall Darby 0-0: Ball
1-0: Called Strike
1-1: Foul Ball, location: 2F
1-2: Ball
2-2: Strikes out swinging
Batting: LHB Isaac Johnson 0-0: Ball
1-0: Fielders Choice at 2nd, 6-4 (Groundball, 6, EV 106.9 MPH)
Top of the 7th over - 0 runs, 1 hit, 0 errors, 1 left on base; Monterrey 4 - Memphis 8
BOTTOM OF THE 7TH
Memphis Railcats batting - Pitching for Monterrey Killer Whales : RHP David Warner
Batting: RHB Fraser Bishop 0-0: Swinging Strike
0-1: Called Strike
0-2: Strikes out swinging
Batting: RHB James Hills 0-0: Ball
1-0: Called Strike
1-1: Ball
2-1: Swinging Strike
2-2: Strikes out looking
Batting: SHB Lukas Skaggs 0-0: Ball
1-0: Ground out 2-3 (Groundball, 2L, EV 65.6 MPH)
Bottom of the 7th over - 0 runs, 0 hits, 0 errors, 0 left on base; Monterrey 4 - Memphis 8
TOP OF THE 8TH
Monterrey Killer Whales batting - Pitching for Memphis Railcats : RHP Eddie Hasenkamp
Batting: RHB Corey Douglas 0-0: Ball
1-0: Fly out, F8 (Flyball, 89D, EV 101.9 MPH)
Batting: LHB Ray Seevers 0-0: Ball
1-0: Ball
2-0: Called Strike
2-1: Foul Ball, location: 2F
2-2: Foul Ball, location: 2F
2-2: Strikes out looking
Batting: LHB Furman Auerbach 0-0: Ground out 5-3 (Groundball, 5, EV 110.0 MPH)
Top of the 8th over - 0 runs, 0 hits, 0 errors, 0 left on base; Monterrey 4 - Memphis 8
BOTTOM OF THE 8TH
Memphis Railcats batting - Pitching for Monterrey Killer Whales : RHP David Warner
Batting: RHB Theodore Ross 0-0: Ball
1-0: SINGLE (Groundball, 6MD, EV 94.4 MPH)
Pitching: RHP Efrain Hutcherson
Batting: RHB Mick Ubaya 0-0: Sac Bunt to 13S - play at first, batter OUT! 1-3
Theodore Ross to second
Batting: RHB Kristian LeDoux 0-0: Fly out, F6 (Line Drive, 6, EV 66.9 MPH)
Batting: LHB Tristen Cooley 0-0: Ball
Passed Ball!
Theodore Ross to third
1-0: Ball
2-0: Called Strike
2-1: Foul Ball, location: 2F
2-2: Foul Ball, location: 2F
2-2: Foul Ball, location: 2F
2-2: Ball
3-2: SINGLE (Groundball, 4MD, EV 94.4 MPH)
Theodore Ross scores
Batting: RHB Tom Holderness 0-0: Ball
1-0: Ball
Balk!
Tristen Cooley to second
2-0: Foul Ball, location: 2F
2-1: Ball
3-1: Foul Ball, location: 2F
3-2: Base on Balls
Batting: RHB Vinny Wetherington 0-0: Called Strike
0-1: Swinging Strike
0-2: Foul Ball, location: 2F
0-2: Ball
1-2: Foul Ball, location: 2F
1-2: Ball
2-2: Ground out 1-3 (Groundball, 13S, EV 60.6 MPH)
Bottom of the 8th over - 1 run, 2 hits, 0 errors, 2 left on base; Monterrey 4 - Memphis 9
TOP OF THE 9TH
Monterrey Killer Whales batting - Pitching for Memphis Railcats : RHP Eddie Hasenkamp
Batting: LHB Tony May 0-0: Ball
1-0: Ball
2-0: Called Strike
2-1: Called Strike
2-2: Ball
3-2: SINGLE (Groundball, 6D, EV 97.5 MPH)
Pitching: RHP Dale Schwartz
Batting: SHB Tucker Shad 0-0: Ball
1-0: Called Strike
1-1: Foul Ball, location: 2F
1-2: Ball
2-2: Foul Ball, location: 2F
2-2: Ball
3-2: Strikes out swinging
Batting: RHB Sylvan Troke 0-0: Called Strike
0-1: Ball
1-1: Foul Ball, location: 2F
1-2: Strikes out swinging
Batting: LHB Stephen Snowbarger 0-0: Ball
1-0: Ball
2-0: Fly out, F9 (Flyball, 9D, EV 102.5 MPH)
Top of the 9th over - 0 runs, 1 hit, 0 errors, 1 left on base; Monterrey 4 - Memphis 9
Monday, April 29th , 2024 - OOTP Baseball 23.10 Build 110